 Dungeon Crawl Stone Soup version 0.30.0-29-ga12c61a403 (webtiles) character file.

Game seed: 4762318644222867560

88 qw the Chopper (level 4, 0/28 HPs)
             Began as a Gargoyle Fighter on June 4, 2023.
             Slain by Duvessa
             ... wielding a +0 rapier
              (4 damage)
             ... on level 4 of the Dungeon.
             The game lasted 00:00:59 (2198 turns).

qw the Chopper (Gargoyle Fighter)                   Turns: 2198, Time: 00:00:59

Health: 0/28       AC: 11    Str: 21    XL:     4   Next: 53%
Magic:  4/4        EV:  9    Int:  9    God:
Gold:   161        SH:  4    Dex:  9    Spells: 3/3 levels left

rFire   . . .        Y - +2 war axe
rCold   + . .        c - +0 buckler
rNeg    + . .        b - +0 scale mail
rPois   inf          k - +0 helmet
rElec   +            (no cloak)
rCorr   .            (no gloves)
SInv    .            (no boots)
Will    .....        f - amulet of faith Stlth
                     i - ring of protection from cold
HPRegen 0.24/turn    (no ring)
MPRegen 0.09/turn

%: faith
@: no status effects
A: sickness immunity, AC +3, negative energy resistance 1, electricity
resistance, torment resistance 1, petrification resistance
a: no special abilities


You were on level 4 of the Dungeon.
You visited 1 branch of the dungeon, and saw 4 of its levels.

You collected 161 gold pieces.


Innate Abilities, Weirdness & Mutations

You are immune to sickness and miasma.
Your stone body is resilient. (AC +3)
You are immune to poison.
You resist negative energy. (rN+)
You are resistant to electric shocks. (rElec)
You are resistant to unholy torment.
You are immune to petrification.


   Skills:
 - Level 3.2 Fighting
 + Level 3.6 Axes
 - Level 1.8 Throwing
 - Level 3.2 Armour
 - Level 3.2 Shields


You had 3 spell levels left.
You didn't know any spells.
Your spell library was empty.

Inventory:

Hand Weapons
 a - a +4 flail
 Y - a +2 war axe (weapon)
Armour
 b - a +0 scale mail (worn)
 c - a +0 buckler (worn)
 k - a +0 helmet (worn)
Jewellery
 e - an amulet of regeneration
 f - an amulet of faith (around neck)
 i - a ring of protection from cold (left hand)
 p - a +5 ring of evasion
 t - a ring of protection from cold
Scrolls
 j - a scroll of identify
 n - 3 scrolls of teleportation {unknown}
 r - a scroll of poison {unknown}
 s - a scroll of enchant armour {unknown}
 w - a scroll of brand weapon {unknown}
Potions
 d - a potion of might
 h - a potion of curing
 l - 2 potions of attraction
 m - a potion of ambrosia {unknown}
 o - 2 potions of mutation {unknown}
 q - a potion of lignification {unknown}
 u - a potion of heal wounds {unknown}
 v - a potion of brilliance {unknown}

Dungeon Overview and Level Annotations

Branches:
Dungeon (4/15)
 Temple: D:4-7

Altars:

Annotations:
D:4 Dowan, Duvessa


Message History

2147 ||| READING scroll of enchant weapon.
As you read the scroll of enchant weapon, it crumbles to dust.
Your +1 war axe glows red for a moment.
2147 ||| ENCHANTING +1 war axe.
u - a pink potion
v - a bubbling red potion A ball python comes into view.
The ball python hisses angrily.
You throw a javelin.
The javelin barely misses the ball python.
You throw a javelin.
The javelin pierces through the ball python!
You kill the ball python!
g - 3 javelins (gained 2)
w - a scroll labelled YNGOOC LATESEPLOJ A goblin comes into view.
It is wielding a +0 dagger.
The goblin shouts!
You throw a javelin. The javelin closely misses the goblin.
You throw a javelin. The javelin closely misses the goblin.
Duvessa, Sister of Dowan comes into view.
She is wielding a +0 rapier.
You throw a javelin.
Duvessa shouts!
The javelin pierces through the goblin!
You kill the goblin!
The javelin closely misses Duvessa.
Dowan, Brother of Duvessa comes into view.
He is wielding a +0 dagger.
Dowan gestures wildly while chanting.
Dowan blinks!
You slash Duvessa!
Duvessa is moderately wounded.
Duvessa hits you but does no damage.
You slash Duvessa!
Duvessa is heavily wounded.
Duvessa hits you with a +0 rapier!
You hit Duvessa.
Duvessa is severely wounded.
Duvessa hits you with a +0 rapier! x2
You barely miss Duvessa.
Duvessa is severely wounded.
Duvessa hits you with a +0 rapier.
You die...

#.......... #.#########
#.......... #..########
# #####..# #....
#(########...#..# ##.#.
.(..........##..# # #.
#....)..........#####.#.
...e..e@................
................#####.#.
.#####..#.......# #...
#..#.#.##..########
#..#.#...........
#..#.#.##..##...#
#..#.#.##..# #..##
#..#.#.#...# #..#
#..#.......# ##..


You could see Duvessa and Dowan.

Vanquished Creatures
  Jessica (D:2)
  A dart slug (D:2)
  2 endoplasms
  A giant cockroach (D:1)
  8 hobgoblins
  7 jackals (D:1)
  4 quokkas (D:1)
  6 ball pythons
  5 bats
  2 frilled lizards (D:2)
  7 goblins
  4 kobolds
  6 rats
54 creatures vanquished.

Notes
Turn   | Place    | Note
-------+----------+-------------------------------------------
     0 | D:1      | qw the Gargoyle Fighter began the quest for the Orb.
     0 | D:1      | Reached XP level 1. HP: 14/14 MP: 1/1
     0 | D:1      | 0 ||| qw: Version: 0.2-a-107-g4668610
     0 | D:1      | 0 ||| qw: Game counter: 1224
     0 | D:1      | 0 ||| qw: Always use a shield: true
     0 | D:1      | 0 ||| qw: God list: Okawaru
     0 | D:1      | 0 ||| qw: Allow faded altars: false
     0 | D:1      | 0 ||| qw: Do Orc after D:15 true
     0 | D:1      | 0 ||| qw: Do second Lair branch before Depths: true
     0 | D:1      | 0 ||| qw: Lair rune preference: random
     0 | D:1      | 0 ||| qw: Plans: Normal, Zot:1-4, Slime:5, God:TSO, Crypt,
                  | Tomb, Abyss, Pan, Hells, Win
     0 | D:1      | 0 ||| PLANNING D:1-11
    33 | D:1      | 33 ||| Stepping ~*~*~tactically~*~*~ (stealth).
   101 | D:1      | Reached XP level 2. HP: 16/19 MP: 2/2
   111 | D:1      | 111 ||| Stepping ~*~*~tactically~*~*~ (stealth).
   112 | D:1      | 112 ||| Stepping ~*~*~tactically~*~*~ (stealth).
   220 | D:1      | 220 ||| Stepping ~*~*~tactically~*~*~ (stealth).
   229 | D:1      | 229 ||| Stepping ~*~*~tactically~*~*~ (stealth).
   594 | D:1      | Reached skill level 3 in Axes
   716 | D:1      | Reached XP level 3. HP: 23/23 MP: 3/3
   918 | D:1      | 918 ||| UPGRADING to +0 helmet.
   923 | D:1      | 923 ||| UPGRADING to amulet of regeneration.
   928 | D:1      | 928 ||| UPGRADING to amulet of faith.
   938 | D:1      | 938 ||| READING scroll labelled HEHIS ITUTEORY.
   939 | D:1      | 939 ||| READING scroll labelled ONLATR ULOBBO.
   940 | D:1      | 940 ||| READING 3 scrolls labelled BYIFOCH KA CUFF.
   941 | D:1      | 941 ||| READING 2 scrolls of identify.
   941 | D:1      | 941 ||| IDENTIFYING orange potion
  1012 | D:2      | 1012 ||| DROPPING +0 club.
  1310 | D:2      | Noticed Jessica
  1315 | D:2      | Killed Jessica
  1316 | D:2      | Reached skill level 1 in Throwing
  1316 | D:2      | Reached XP level 4. HP: 27/28 MP: 4/4
  1656 | D:2      | 1656 ||| UPGRADING to ring of protection from cold.
  1657 | D:2      | 1657 ||| READING 2 scrolls of identify.
  1657 | D:2      | 1657 ||| IDENTIFYING clear potion
  1690 | D:3      | Found a faded altar of an unknown god.
  1919 | D:3      | 1919 ||| Stepping ~*~*~tactically~*~*~ (stealth).
  2064 | D:3      | You fall into a shaft and drop 1 floor!
  2147 | D:4      | 2147 ||| READING scroll of enchant weapon.
  2147 | D:4      | 2147 ||| ENCHANTING +1 war axe.
  2190 | D:4      | Noticed Duvessa
  2191 | D:4      | Noticed Dowan
  2197 | D:4      | HP: 4/28 [Duvessa/+0 rapier (7)]
  2198 | D:4      | Slain by Duvessa

Levels and vault maps discovered:
D:1:      minmay_arrival_three_doors, layout_loops_ring
D:2:      layout_basic, uniq_jessica
D:3:      layout_basic, nicolae_overflow_hidden_temple, basic_ecumenical_altar,
          kennysheep_potato
D:4:      layout_basic, chequers_temple_overflow_statue_of_worship, uniq_duvessa

Skill      XL: |  1  2  3 |
---------------+----------+-----
Axes           | 2 3 |  3.6
Throwing       | 1 |  1.8
Fighting       | |  3.2
Armour         | |  3.2
Shields        | |  3.2

Action                     |  1- 3 |  4- 6 || total
---------------------------+-------+-------++-------
  Melee: War axe           |   135 |    23 ||   158
  Throw: Javelin           |     6 |    21 ||    27
    Use: Scroll            |     4 |     2 ||     6
 Armour: Scale mail        |    63 |     7 ||    70
  Dodge: Dodged            |    71 |     4 ||    75
  Block: Buckler           |    29 |     6 ||    35

Table legend:
 A = Non-vault XP
 B = Vault XP
 C = Vault XP percentage of total XP
 D = Non-vault monster count
 E = Vault monster count
 F = Vault count percentage of total count
                 A         B        C        D         E       F
            +---------+---------+-------+---------+---------+-------
      Total |      87 |      39 |  31.0 |      51 |       3 |   5.6
            +---------+---------+-------+---------+---------+-------
        D:1 |      48 |       0 |   0.0 |      28 |       0 |   0.0
        D:2 |      27 |      37 |  57.8 |      15 |       1 |   6.2
        D:3 |       7 |       2 |  22.2 |       5 |       2 |  28.6
        D:4 |       5 |       0 |   0.0 |       3 |       0 |   0.0
            +---------+---------+-------+---------+---------+-------
